 Dungeon Crawl Stone Soup version 0.29-a0-96-g93358da72b (webtiles) character file.

Game seed: 3272493145567079817

180 Murumi the Shield-Bearer (level 5, -10/42 HPs)
             Began as a Formicid Fighter on Feb 13, 2022.
             Killed by divine providence
             ... invoked by an orc priest
              (14 damage)
             ... on level 3 of the Dungeon.
             The game lasted 00:09:17 (2115 turns).

Murumi the Shield-Bearer (Formicid Fighter)         Turns: 2115, Time: 00:09:18

Health: -10/42     AC: 15    Str: 20    XL:     5   Next: 91%
Magic:  5/5        EV:  6    Int: 16    God:
Gold:   144        SH:  6    Dex: 10    Spells: 4/4 levels left

rFire   . . .      SeeInvis +   a - +0 trident
rCold   . . .      Faith    .   c - +1 buckler
rNeg    . . .      Spirit   .   j - +0 plate armour
rPois   .          Reflect  .   (helmet unavailable)
rElec   .          Harm     .   (no cloak)
rCorr   .          Rampage  .   (no gloves)
Will    .....                   (no boots)
Stlth   ..........              (no amulet)
HPRegen 0.14/turn               b - +6 ring of intelligence
MPRegen 0.09/turn               f - +4 ring of protection

@: mighty
A: permanent stasis, dig shafts and tunnels, antennae 3, four strong arms
a: Dig, Shaft Self


You were on level 3 of the Dungeon.
You visited 1 branch of the dungeon, and saw 3 of its levels.

You collected 184 gold pieces.
You spent 40 gold pieces at shops.

Inventory:

Hand Weapons
 a - a +0 trident (weapon)
Armour
 c - a +1 buckler (worn)
 j - a +0 plate armour (worn)
Jewellery
 b - a +6 ring of intelligence (left hand)
 f - a +4 ring of protection (right hand)
Scrolls
 i - a scroll of enchant armour
 l - a scroll of identify
Potions
 e - 2 potions of mutation
 g - a potion of magic
 h - a potion of curing
 k - a potion of ambrosia


   Skills:
 - Level 4.0 Fighting
 + Level 3.6 Polearms
 - Level 4.0 Armour
 - Level 1.0 Dodging
 - Level 5.0 Shields


You had 4 spell levels left.
You didn't know any spells.
Your spell library was empty.

Dungeon Overview and Level Annotations

Branches:
Dungeon (3/15)

Altars:
Xom

Shops:
D:1 ?


Innate Abilities, Weirdness & Mutations

You cannot be hasted, slowed, berserked, paralysed or teleported.
You can dig through walls and to a lower floor.
You have a pair of large antennae on your head. (SInv)
Your four strong arms can wield two-handed weapons with a shield.


Message History

a +0 whip; a +0 flail; an orc corpse An adder and an orc priest come into view.
The adder hisses angrily.
The orc priest shouts!
You hear a shout!
An orc priest comes into view. It is wielding a +0 falchion.
The orc priest moves out of view.
An orc comes into view. It is wielding a +0 short sword.
The adder bites you.
You are poisoned.
The adder poisons you!
You barely miss the adder.
You feel sick. The adder bites you but does no damage.
You puncture the adder!
You kill the adder!
You feel sick.
You barely miss the orc priest.
You feel sick. The orc priest completely misses you. The orc barely misses you.
The orc priest mumbles some strange prayers to Beogh against you.
Beogh smites you!
You barely miss the orc priest.
You feel sick. You block the orc's attack. The orc priest barely misses you.
You barely miss the orc priest.
You feel sick.
You are no longer poisoned.
The orc hits you with a +0 short sword.
The orc priest calls down the wrath of Beogh upon you.
Beogh smites you!
* * * LOW HITPOINT WARNING * * *
You feel very mighty all of a sudden. You block the orc's attack.
The orc priest hits you but does no damage.
You feel better. The orc hits you but does no damage.
The orc priest calls down the wrath of Beogh upon you.
Beogh smites you!
* * * LOW HITPOINT WARNING * * *
You block the orc priest's attack.
You puncture the orc priest!
You kill the orc priest!
You block the orc priest's attack. The orc hits you but does no damage.
The orc priest mumbles some strange prayers to Beogh against you.
Beogh smites you!
You die...

#.#... ...# # ##♣. .♣##
#. .# .##### .....
##..... ##.....So ##.o# .
##.@####.... #
#..)o.......
##############...........
##.....................##
...######.###).....#...#
#.## ###.#........##..#
..#####.....####..###..#
.........#### ...# #.#
....##.## #.#.#
#...#######


You could see an orc priest and an orc.

Vanquished Creatures
  A bullfrog (D:2)
  An orc priest (D:3)
  A hound zombie (D:3)
  5 adders
  6 orcs
  4 ball pythons
  2 endoplasms (D:2)
  2 giant cockroaches
  10 hobgoblins
  6 kobolds
  2 quokkas (D:1)
  6 bats
  2 frilled lizards
  4 goblins
  7 rats
59 creatures vanquished.

Notes
Turn   | Place    | Note
-------+----------+-------------------------------------------
     0 | D:1      | Murumi the Formicid Fighter began the quest for the Orb.
     0 | D:1      | Reached XP level 1. HP: 18/18 MP: 1/1
    92 | D:1      | Reached skill level 4 in Shields
   138 | D:1      | Reached XP level 2. HP: 24/24 MP: 2/2
   221 | D:1      | Found Veekomm's Magic Scroll Shoppe.
   228 | D:1      | Bought a scroll of identify for 20 gold pieces
   699 | D:1      | Reached XP level 3. HP: 27/30 MP: 3/3
  1154 | D:2      | Found a faded altar of an unknown god.
  1190 | D:2      | Found a shimmering altar of Xom.
  1514 | D:2      | Reached skill level 1 in Dodging
  1514 | D:2      | Reached XP level 4. HP: 37/37 MP: 4/4
  1738 | D:1      | Bought a scroll of identify for 20 gold pieces
  1942 | D:3      | Noticed a bullfrog
  1965 | D:2      | Killed a bullfrog
  1966 | D:2      | Reached XP level 5. HP: 39/42 MP: 5/5
  2010 | D:2      | Reached skill level 5 in Shields
  2115 | D:3      | Killed from afar by an orc priest

Illustrated notes

Levels and vault maps discovered:
D:1:      dpeg_arrival_short_road, layout_loops_ring, serial_shops, shop
D:2:      kennysheep_six_static_rooms, layout_basic,
          ebering_ecumenical_altar_abandoned, basic_altar, minmay_pentomino_s2
D:3:      layout_rooms, lemuel_tele_altar, kennysheep_crisscross,
          corexii_leaking_fountain, grunt_ministairs_7, uniq_grinder, uniq_robin

Skill      XL: |  1  2  3  4  5 |
---------------+----------------+-----
Shields        | 4 5 |  5.0
Fighting       | 4 |  4.0
Armour         | 4 |  4.0
Dodging        | 1 |  1.0
Polearms       | 3 |  3.6

Action                   |  1- 3 |  4- 6 || total
-------------------------+-------+-------++-------
Melee: Trident           |   133 |    72 ||   205
  Use: Scroll            |     8 |     3 ||    11
       Potion            |       |     2 ||     2
Armor: Chain mail        |    50 |       ||    50
       Scale mail        |     1 |       ||     1
       Plate armour      |     7 |    44 ||    51
Dodge: Dodged            |    23 |    18 ||    41
Block: Buckler           |    21 |    18 ||    39

Table legend: (Time is in decaauts)
 A = Elapsed time spent in this place.
 B = Non-inter-level travel time spent in this place.
 C = Inter-level travel time spent in this place.
 D = Time resting spent in this place.
 E = Time spent auto-exploring this place.
 F = Levels seen in this place.
 G = Mean time per level.
                   A        B        C        D        E       F      G
               +--------+--------+--------+--------+--------+-----+--------+
         Total |   2164 |   1878 |    286 |      0 |   1305 |   3 |  721.3 |
       Dungeon |   2164 |   1878 |    286 |      0 |   1305 |   3 |  721.3 |
               +--------+--------+--------+--------+--------+-----+--------+

Top non-repeatable levels by time:
     D:1: 992 daAuts
     D:2: 971 daAuts
     D:3: 200 daAuts
